 Dungeon Crawl Stone Soup version 0.26.1-13-g052cdd8df3 (webtiles) character file.

Game seed: 5621196771725112052

184 cbfl8 the Chopper (level 5, -8/47 HPs)
             Began as a Palentonga Warper on Jan 12, 2022.
             Was a Follower of Nemelex Xobeh.
             Mangled by Crazy Yiuf
             ... wielding a +3 quarterstaff of chaos
              (12 damage)
             ... on level 3 of the Dungeon.
             The game lasted 00:15:05 (5460 turns).

cbfl8 the Chopper (Palentonga Warper)               Turns: 5460, Time: 00:15:07

Health: -8/47      AC:  6    Str: 16    XL:     5   Next: 36%
Magic:  8/8        EV:  8    Int: 13    God:    Nemelex Xobeh [*.....]
Gold:   158        SH:  0    Dex:  9    Spells: 9/9 levels left

rFire    . . .     SeeInvis +   a - +0 hand axe
rCold    . . .     Faith    .   (no shield)
rNeg     . . .     Spirit   .   q - +0 scale mail
rPois    .         Reflect  .   (no helmet)
rElec    .         Harm     .   (no cloak)
rCorr    .         Rampage  .   (no gloves)
Will     .....                  (no barding)
Stlth    ..........             (no amulet)
HPRegen  0.15/turn              (no ring)
MPRegen  0.11/turn              (no ring)

@: lethally poisoned (-8 -> -15)
A: large, rugged brown scales 3, see invisible, deformed body, roll 1, armoured
tail
a: Rolling Charge, Renounce Religion, Draw Escape, Draw Destruction, Draw
Summoning


You were on level 3 of the Dungeon.
You worshipped Nemelex Xobeh.
Nemelex Xobeh was aware of your devotion.
You visited 1 branch of the dungeon, and saw 3 of its levels.

You collected 158 gold pieces.

Inventory:

Hand Weapons
 a - a +0 hand axe (weapon)
 j - a +0 mace
 l - a +0 hunting sling
 m - a +0 whip
 n - a +0 dagger
 p - a +0 rapier
 t - a +0 short sword
 v - a +0 short sword
 w - a +0 spear
 y - a +0 hand axe
 A - a +0 short sword
 C - a +0 whip
Missiles
 c - 84 stones
 e - 5 boomerangs of dispersal (quivered)
 f - 36 sling bullets
 u - 27 poisoned darts
Armour
 b - a +0 leather armour
 h - a +0 leather armour
 o - a +0 robe
 q - a +0 scale mail (worn)
Scrolls
 d - 2 scrolls of blinking
 g - 6 scrolls of identify {unknown}
 k - a scroll of fear {unknown}
 x - 2 scrolls of enchant weapon {unknown}
 B - a scroll of random uselessness {unknown}
 E - a scroll of noise {unknown}
Potions
 i - 2 potions of curing {unknown}
 r - a potion of attraction
 s - a potion of invisibility {unknown}
 z - a potion of heal wounds
 D - a potion of resistance {unknown}


   Skills:
 + Level 2.9 Fighting
 + Level 1.5(1.9) Short Blades
 + Level 1.5(1.9) Long Blades
 + Level 4.3(4.6) Axes
 + Level 1.5(3.3) Maces & Flails
 + Level 1.3(3.0) Polearms
 + Level 1.5(2.2) Staves
 + Level 1.2(1.6) Slings
 + Level 1.2 Bows
 + Level 1.2 Crossbows
 + Level 1.4(1.7) Throwing
 + Level 2.4 Armour
 + Level 2.2 Dodging
 + Level 2.0 Stealth
 + Level 1.2 Shields
 + Level 1.5 Unarmed Combat
 + Level 2.5 Spellcasting
 + Level 1.3 Conjurations
 + Level 1.5 Hexes
 + Level 1.7 Summonings
 + Level 1.5 Necromancy
 + Level 3.7 Translocations
 + Level 1.5 Transmutations
 + Level 1.2 Fire Magic
 + Level 1.2 Ice Magic
 + Level 1.2 Air Magic
 + Level 1.3 Earth Magic
 + Level 1.5 Poison Magic
 + Level 1.7 Invocations
 + Level 2.1 Evocations


You had 9 spell levels left.
You didn't know any spells.
Your spell library contained the following spells:

 Spells                   Type           Power        Failure   Level
 Blink                    Tloc           N/A          28%         2
 Gell's Gravitas          Tloc           5%           50%         3
 Lesser Beckoning         Tloc           5%           50%         3
 Teleport Other           Tloc           11%          50%         3
 Passage of Golubria      Tloc           N/A          88%         4


Dungeon Overview and Level Annotations

Branches:
Dungeon (3/15)

Altars:
Nemelex Xobeh

Annotations:
D:3 Crazy Yiuf


Innate Abilities, Weirdness & Mutations

You are completely covered in rugged brown scales. (AC +3, +7% HP)
You have supernaturally acute eyesight. (SInv)
Armour fits poorly on your strangely shaped body.
You can roll at nearby foes to attack.
You have a long armoured tail.


Message History

Crazy Yiuf hits you with a +3 quarterstaff of chaos.
Crazy Yiuf laughs, "Paint snail illywillydillykilly!"
Crazy Yiuf hits you with a +3 quarterstaff of chaos.
Crazy Yiuf freezes you.
Crazy Yiuf hits you with a +3 quarterstaff of chaos!
Crazy Yiuf burns you.
Crazy Yiuf laughs, "Goldfish wrapper mumblescurry!"
Crazy Yiuf hits you with a +3 quarterstaff of chaos!
* * * LOW HITPOINT WARNING * * *
You are poisoned.
You can move again.
You hit Crazy Yiuf.
Crazy Yiuf is moderately wounded.
* * * LOW HITPOINT WARNING * * *
You feel sick.
Crazy Yiuf hits you with a +3 quarterstaff of chaos.
* * * LOW HITPOINT WARNING * * *
You are electrocuted!
You die...
Your body disappears without a glow.

# #.................
.....###.#
#...<...÷.........
.....###..
#.................
..........
........#############
##....##.. ..##....#
#....##.. . .....##
###..##.. ...... ###
♣♣##.....#.. .......
#)..#♣♣ ♣♣..........#
.......
#...g@♣♣♣♣......##...#
#...#♣..♣..♣....##....
### ♣♣♣.♣...........#
♣♣♣♣♣##.......#
#......>.
#####......##
#..........##
#............
#.........###


You could see Crazy Yiuf.

Vanquished Creatures
  A gnoll (D:1)
  3 adders
  An ooze (D:2)
  A dart slug (D:1)
  3 worms (D:2)
  3 leopard geckos
  2 orcs (D:3)
  2 giant cockroaches (D:1)
  4 goblins
  5 hobgoblins
  2 jackals (D:2)
  4 kobolds
  A quokka (D:3)
  A ball python (D:1)
  3 bats
  4 frilled lizards
  6 rats
46 creatures vanquished.

Notes
Turn   | Place    | Note
-------+----------+-------------------------------------------
     0 | D:1      | cbfl8 the Palentonga Warper began the quest for the Orb.
     0 | D:1      | Reached XP level 1. HP: 18/18 MP: 3/3
   106 | D:1      | You fall into a shaft and drop 1 floor!
   164 | D:2      | Reached XP level 2. HP: 23/25 MP: 5/5
   606 | D:2      | Reached skill level 1 in Armour
   606 | D:2      | Reached XP level 3. HP: 28/31 MP: 6/6
  1088 | D:2      | Reached skill level 3 in Axes
  1902 | D:2      | Found a sparkling altar of Nemelex Xobeh.
  1915 | D:2      | Became a worshipper of Nemelex Xobeh the Trickster
  2964 | D:1      | Reached XP level 4. HP: 32/38 MP: 7/7
  3663 | D:1      | Reached * piety under Nemelex Xobeh
  4377 | D:1      | Received a gift from Nemelex Xobeh
  4741 | D:3      | Reached skill level 1 in Short Blades
  4741 | D:3      | Reached skill level 1 in Long Blades
  4741 | D:3      | Reached skill level 4 in Axes
  4741 | D:3      | Reached skill level 1 in Maces & Flails
  4741 | D:3      | Reached skill level 1 in Polearms
  4741 | D:3      | Reached skill level 1 in Staves
  4741 | D:3      | Reached skill level 1 in Slings
  4741 | D:3      | Reached skill level 1 in Bows
  4741 | D:3      | Reached skill level 1 in Crossbows
  4741 | D:3      | Reached skill level 1 in Throwing
  4741 | D:3      | Reached skill level 1 in Shields
  4741 | D:3      | Reached skill level 1 in Unarmed Combat
  4741 | D:3      | Reached skill level 1 in Conjurations
  4741 | D:3      | Reached skill level 1 in Hexes
  4741 | D:3      | Reached skill level 1 in Summonings
  4741 | D:3      | Reached skill level 1 in Necromancy
  4741 | D:3      | Reached skill level 1 in Transmutations
  4741 | D:3      | Reached skill level 1 in Fire Magic
  4741 | D:3      | Reached skill level 1 in Ice Magic
  4741 | D:3      | Reached skill level 1 in Air Magic
  4741 | D:3      | Reached skill level 1 in Earth Magic
  4741 | D:3      | Reached skill level 1 in Poison Magic
  4741 | D:3      | Reached skill level 1 in Invocations
  4741 | D:3      | Reached XP level 5. HP: 11/47 MP: 8/8
  4763 | D:3      | HP: 2/47 [poisoned by a kobold]
  4771 | D:3      | HP: 2/47 [poisoned by a kobold]
  5446 | D:3      | Found a runed translucent door.
  5447 | D:3      | Noticed Crazy Yiuf
  5454 | D:3      | Paralysed by Crazy Yiuf for 6 turns
  5460 | D:3      | Mangled by Crazy Yiuf

Illustrated notes

Levels and vault maps discovered:
D:1:      sevenhm_arrival_forest_fort_large_2, layout_basic, minmay_crystal_room
D:2:      layout_loops_ring, nemelex_diamond_rough_becter
D:3:      layout_basic, hex_large, uniq_crazy_yiuf_cottage

Skill      XL: |  1  2  3  4 |
---------------+-------------+-----
Armour         | 1 2 |  2.4
Axes           | 3 4 |  4.3
Short Blades   | 1 |  1.5
Long Blades    | 1 |  1.5
Maces & Flails | 1 |  1.5
Polearms       | 1 |  1.3
Staves         | 1 |  1.5
Slings         | 1 |  1.2
Bows           | 1 |  1.2
Crossbows      | 1 |  1.2
Throwing       | 1 |  1.4
Dodging        | 2 |  2.2
Stealth        | 2 |  2.0
Shields        | 1 |  1.2
Unarmed Combat | 1 |  1.5
Conjurations   | 1 |  1.3
Hexes          | 1 |  1.5
Summonings     | 1 |  1.7
Necromancy     | 1 |  1.5
Transmutations | 1 |  1.5
Fire Magic     | 1 |  1.2
Ice Magic      | 1 |  1.2
Air Magic      | 1 |  1.2
Earth Magic    | 1 |  1.3
Poison Magic   | 1 |  1.5
Invocations    | 1 |  1.7
Evocations     | 2 |  2.1
Fighting       | |  2.9
Spellcasting   | |  2.5
Translocations | |  3.7

Action                   |  1- 3 |  4- 6 || total
-------------------------+-------+-------++-------
Melee: Hand axe          |    87 |    50 ||   137
       Tailslap          |     5 |     7 ||    12
       Punch             |       |     1 ||     1
  Use: Potion            |       |     3 ||     3
       Scroll            |       |     3 ||     3
Armor: Leather armour    |    23 |       ||    23
       Scale mail        |    20 |    33 ||    53
Dodge: Dodged            |    54 |    27 ||    81
